AoeStats
← 北极熊

Arena

510550002Analyzed
4v4 RM · 1d ago on Oct 1, 2026· 45m 47s· 8 players
Game mode
Random Map
Map size
Large (8 player)
Population
200
Speed
Normal
Resources
Standard
Victory
Conquest
Starting age
Dark Age
Ending age
Imperial Age
RankedLock teamsTeams togetherTeam positionsShared explorationLock speedFull tech treeHidden civsTurbo modeCheats
Victory
Defeat
🇨🇳 Franks · China
1261
+10
🇨🇳 Varangians · China
1247
+10
🇨🇳 Britons · China
1010
+19
🇨🇳 Magyars · China
1000
+19
🇬🇧 Saxons · United Kingdom
1115
-15
🇮🇳 Lithuanians · India
1108
-15
🇨🇳 Mongols · China
1095
-14
🇮🇪 Chinese · Ireland
1093
-14
メHANSメ
1P
10:26 Feudal Age
14:13 Castle Age
12:12 Double-Bit Axe
12:09 Horse Collar
17:56 Loom
21:18 Bow Saw
22:15 Heavy Plow
23:12 Wheelbarrow
23:15 Gold Mining
23:16 Stone Mining
25:02 Gold Shaft Mining
25:03 Stone Shaft Mining
29:07 Imperial Age
27:10 Ballistics
26:46 Fletching
26:56 Padded Archer Armor
27:22 Bodkin Arrow
27:53 Bloodlines
27:45 Husbandry
28:30 Thumb Ring
29:10 Hand Cart
30:11 Leather Archer Armor
31:00 Chemistry
30:35 Parthian Tactics
30:34 Bracer
31:03 Conscription
30:54 Elite Mangudai
36:36 Masonry
36:14 Light Cavalry
41:12 Hussar
44:02 Scale Barding Armor
44:08 Forging
redjumper99
1:12 Loom
SideMeerkat6918
0:36 Loom
13:35 Feudal Age
14:52 Wheelbarrow
14:00 Horse Collar
14:06 Double-Bit Axe
14:09 Town Watch
21:52 Castle Age
20:04 Stone Mining
27:46 Bow Saw
33:44 Heavy Plow
39:06 Scale Mail Armor
39:16 Forging
38:52 Pikeman
44:59 Hand Cart
47:16 Imperial Age
北极熊
10:40 Feudal Age
12:08 Wheelbarrow
15:19 Castle Age
22:05 Corvinian Army
27:59 Gold Mining
28:05 Horse Collar
34:19 Imperial Age
36:05 Double-Bit Axe
37:51 Fletching
38:05 Murder Holes
38:33 Ballistics
39:15 Chemistry
42:26 Heavy Plow
42:38 Bow Saw
44:02 Bodkin Arrow
43:52 Treadmill Crane
45:24 Two-Man Saw
一一
5:02 Loom
12:25 Feudal Age
13:56 Double-Bit Axe
16:25 Castle Age
18:10 Bow Saw
25:15 Wheelbarrow
26:14 Hand Cart
26:47 Town Watch
30:53 Imperial Age
28:27 Gold Mining
28:28 Stone Mining
29:05 Husbandry
30:18 Scale Barding Armor
30:23 Forging
30:35 Fortified Wall
31:22 Chain Barding Armor
30:57 Cavalier
31:40 Chivalry
32:48 Plate Barding Armor
32:51 Iron Casting
33:03 Gold Shaft Mining
32:10 Paladin
33:28 Conscription
34:41 Blast Furnace
38:06 Chemistry
37:27 Ballistics
37:48 Town Patrol
43:27 Capped Ram
高老头子
5:35 Loom
小红的蛋蛋
9:38 Feudal Age
13:23 Castle Age
11:20 Double-Bit Axe
16:19 Bow Saw
16:11 Horse Collar
22:10 Wheelbarrow
22:22 Heavy Plow
25:45 Hand Cart
26:33 Gold Mining
27:18 Stone Mining
30:21 Imperial Age
28:01 Loom
28:02 Town Watch
28:41 Forging
28:36 Scale Barding Armor
29:56 Stone Shaft Mining
28:50 Vendel Legacy
30:10 Iron Casting
30:00 Town Patrol
30:23 Husbandry
30:33 Bloodlines
31:02 Chain Barding Armor
30:45 Cavalier
31:00 Elite Jarl
31:06 Capped Ram
31:54 Gothikon
32:56 Conscription
32:14 Siege Ram
33:20 Light Cavalry
34:45 Siege Engineers
35:03 Ballistics
35:45 Chemistry
35:56 Blast Furnace
35:31 Plate Barding Armor
39:06 Fletching
39:17 Padded Archer Armor
39:02 Treadmill Crane
42:04 Bodkin Arrow
42:25 Leather Archer Armor
Connection lost

Rejoining the realm…

Still unreachable

The connection could not be restored.

Session expired

The server has moved on; the page needs a fresh start.